 Dungeon Crawl Stone Soup version 0.25-a0-353-ged6d54792d (webtiles) character file.

Game seed: 14996788643464238306, levelgen mode: deterministic

23 Lavandula the Cudgeler (level 2, 0/24 HPs)
             Began as a Demonspawn Monk on Jan 2, 2020.
             Succumbed to an adder's poison
             ... on level 1 of the Dungeon.
             The game lasted 00:01:53 (958 turns).

Lavandula the Cudgeler (Demonspawn Monk)             Turns: 958, Time: 00:01:53

Health: 0/24       AC:  2    Str: 11    XL:     2   Next: 75%
Magic:  2/2        EV: 13    Int: 11    God:
Gold:   45         SH:  0    Dex: 15    Spells: 1/1 levels left

rFire    . . .     SeeInvis .   a - +0 mace
rCold    . . .     Gourm    .   (no shield)
rNeg     . . .     Faith    .   b - +0 robe
rPois    .         Spirit   .   (no helmet)
rElec    .         Reflect  .   (no cloak)
rCorr    .         Harm     .   (no gloves)
MR       .....                  (no boots)
Stlth    ++........             (no amulet)
HPRegen  0.08/turn              (no ring)
MPRegen  0.08/turn              (no ring)

@: lethally poisoned (0 -> -7)
A: talons 1
a: no special abilities


You were on level 1 of the Dungeon.
You were not hungry.

You visited 1 branch of the dungeon, and saw 2 of its levels.

You collected 45 gold pieces.

Inventory:

Hand Weapons
 a - a +0 mace (weapon)
Armour
 b - a +0 robe (worn)
Jewellery
 g - an uncursed ring of see invisible {unknown}
Scrolls
 e - 2 scrolls of enchant weapon {unknown}
 f - a scroll of remove curse {unknown}
 i - a scroll of identify {unknown}
Potions
 d - a potion of curing {unknown}
 h - a potion of mutation {unknown}
Comestibles
 c - a ration


   Skills:
 - Level 3.0 Fighting
 + Level 3.7 Maces & Flails
 - Level 2.6 Dodging
 - Level 1.7 Stealth


You had one spell level left.
You didn't know any spells.
Your spell library was empty.

Dungeon Overview and Level Annotations

Branches:
Dungeon (2/15)

Altars:
Xom


Innate Abilities, Weirdness & Mutations

You have sharp toenails.


Message History

You hit the adder but do no damage. Your kick misses the adder.
The adder closely misses you. The hobgoblin hits you with a +0 club.
The adder closely misses you. The hobgoblin hits you with a +0 club.
The adder barely misses you. A mysterious force pulls you upwards.
The hatch slams shut behind you.
Okay, then.
The hobgoblin hits you with a +0 club.
* * * LOW HITPOINT WARNING * * *
The hobgoblin hits you with a +0 club.
* * * LOW HITPOINT WARNING * * *
The adder bites you.
* * * LOW HITPOINT WARNING * * *
You are lethally poisoned!
The adder poisons you!
Really walk into that teleport trap?
Okay, then.
Really walk into that teleport trap?
You enter a teleport trap!
The teleport trap disappears.
Your surroundings suddenly seem different.
You die...

#######
......###########################
......'..........................
......################.###.#.####
......######## #....##.# #.......
.............# #@##.##.###.#.####
######.#####.###.#.......#.#.#...
# #.#.........#..##.....#.#.##
######.#.....#####.........#.#..#
.......####### #.######..#.#..#
...........# ##.### #.)#.#..#
.#########.### ##..###..#.##.#
##...........# #........#.....
##...........# ##..#..###.#####.


There were no monsters in sight!

Vanquished Creatures
  2 dart slugs (D:1)
  A leopard gecko (D:1)
  2 giant cockroaches
  2 goblins (D:1)
  2 hobgoblins (D:1)
  3 bats
  A frilled lizard (D:1)
  2 kobolds
  3 rats (D:1)
18 creatures vanquished.

Notes
Turn   | Place    | Note
-------+----------+-------------------------------------------
     0 | D:1      | Lavandula the Demonspawn Monk began the quest for the Orb.
     0 | D:1      | Reached XP level 1. HP: 18/18 MP: 1/1
   378 | D:1      | Found a shimmering altar of Xom.
   428 | D:1      | Gained mutation: You have sharp toenails. [demonic
                  | ancestry]
   428 | D:1      | Reached XP level 2. HP: 6/24 MP: 2/2
   957 | D:1      | HP: 1/24 [adder (4)]
   958 | D:1      | Succumbed to an adder's poison

Levels and vault maps discovered:
D:1:      dpeg_arrival_round_c, layout_basic, xom_teletrap_fun
D:2:      layout_basic, first_ration, chequers_serial_rivers_micro_d,
          minmay_tall_x

Skill      XL: |  1 |
---------------+----+-----
Maces & Flails | 3 |  3.7
Fighting       | |  3.0
Dodging        | |  2.6
Stealth        | |  1.7

Action                   || total
-------------------------++-------
Melee: Mace              ||    71
       Kick              ||     8
Armor: Robe              ||    27
Dodge: Dodged            ||   107

Table legend:
 A = Non-vault XP
 B = Vault XP
 C = Vault XP percentage of total XP
 D = Non-vault monster count
 E = Vault monster count
 F = Vault count percentage of total count
                 A         B        C        D         E       F
            +---------+---------+-------+---------+---------+-------
      Total |      34 |       0 |   0.0 |      18 |       0 |   0.0
            +---------+---------+-------+---------+---------+-------
        D:1 |      27 |       0 |   0.0 |      14 |       0 |   0.0
        D:2 |       7 |       0 |   0.0 |       4 |       0 |   0.0
            +---------+---------+-------+---------+---------+-------
